 Dungeon Crawl Stone Soup version 0.31-a0-810-ga77100ea1a (webtiles) character file.

Game seed: 12022286436844848573

137 puppykicker the Ruffian (level 5, -3/34 HPs)
             Began as an Octopode Shapeshifter on Sept 21, 2023.
             Frozen to death by an endoplasm (5 damage)
             ... on level 2 of the Dungeon.
             The game lasted 00:04:20 (1563 turns).

puppykicker the Ruffian (Octopode Shapeshifter)     Turns: 1563, Time: 00:04:21

Health: -3/34      AC:  1    Str: 13    XL:     5   Next: 20%
Magic:  5/5        EV: 13    Int: 15    God:
Gold:   86         SH:  0    Dex: 11    Spells: 4/4 levels left

rFire   . .          .
                       - Unarmed
rCold   . . .        (no shield)
rNeg    . . .        (helmet currently unavailable)
rPois   .            (no amulet)
rElec   .            (no ring)
rCorr   .            (no ring)
SInv    .            (no ring)
Will    +....        (no ring)
Stlth   ++           (no ring)
HPRegen 0.25/turn    (no ring)
MPRegen 0.09/turn    (no ring)
                     (no ring)

%: no passive effects
@: beast-form, on berserk cooldown, enlightened, flying, slowed, very slow
A: beast (slay +2), almost no armour, amphibious, 8 rings, camouflage 1,
gelatinous body 1, (nimble swimmer 1), tentacles
a: Begin Untransformation


You were on level 2 of the Dungeon.
You were a hulking beast.
You visited 1 branch of the dungeon, and saw 2 of its levels.

You collected 86 gold pieces.

Inventory:

Hand Weapons
 b - a +1 sling of draining
Talismans
 c - a flux talisman
 l - a beast talisman (active)
Scrolls
 d - a scroll of fear {unknown}
 g - a scroll of teleportation {unknown}
 h - a scroll of noise {unknown}
 j - a scroll of revelation
 n - a scroll of silence {unknown}
Potions
 a - a potion of lignification {!q}
 e - a potion of brilliance {unknown}
 f - a potion of berserk rage {!q}
 m - a potion of mutation {unknown}
 o - a potion of invisibility {unknown}


   Skills:
 + Level 2.2 Fighting
 + Level 2.9 Dodging
 * Level 4.2 Unarmed Combat
 + Level 3.5 Shapeshifting


You had 4 spell levels left.
You didn't know any spells.
Your spell library contained the following spells:

 Spells                   Type           Power      Damage    Failure   Level
 Apportation              Tloc           0%         N/A       26%         1
 Freeze                   Ice            0%         1d3       26%         1
 Necrotise                Necr           0%         1d4       26%         1
 Summon Small Mammal      Summ           0%         N/A       26%         1
 Frozen Ramparts          Ice            0%         1d1       63%         3
 Hailstorm                Conj/Ice       0%         3d3       63%         3
 Ozocubu's Armour         Ice            0%         N/A       63%         3
 Metabolic Englaciation   Hex/Ice        0%         N/A       100%        5
 Simulacrum               Ice/Necr       0%         N/A       100%        6


Dungeon Overview and Level Annotations

Branches:
Dungeon (2/15)

Altars:


Innate Abilities, Weirdness & Mutations

You are a hulking beast.
Your limbs bulge with bestial killing power. (Slay +2)
You cannot wear most types of armour.
You are amphibious.
You can wear up to eight rings at the same time.
Your skin changes colour to match your surroundings (Stealth+).
Your rubbery body absorbs attacks. (AC +1, EV +1)
((You are camouflaged when in or above water. (Stealth+)))
You have tentacles for arms and can constrict up to eight enemies at once.


Message History

A red film seems to cover your vision as you go berserk!
You feel yourself moving faster!
You feel mighty! The endoplasm freezes you.
You are frozen.
* * * LOW HITPOINT WARNING * * *
The jelly hits the fungus.
The fungus is splashed with acid.
You now have 7/43 hp.
You bludgeon the endoplasm!
You kill the endoplasm!
You tentacle-slap the jelly.
Your tentacles burn!
* * * LOW HITPOINT WARNING * * *
You squeeze the jelly.
You kill the jelly!
You have reached level 5!
You feel clever.
You take 5 damage, and have 2/51 hp.
MP restored: 5 You feel a strong urge to attack something.
You feel your anger nearly subside.
You are no longer berserk.
You are exhausted.
You feel yourself slow down.
You now have 2/34 hp.
Okay, then.
As you read the scroll labelled COLISE IMUZO, it dissolves into smoke.
It was a scroll of fog.
As you read the scroll labelled HEMPIF DEQUO, it crumbles to dust.
It is a scroll of enchant weapon.
Your +0 sling of draining glows red for a moment.
The endoplasm hits you.
* * * LOW HITPOINT WARNING * * *
The endoplasm closely misses you.
You take 1 damage, and have 2/34 hp.
Unknown command.
It was a potion of enlightenment.
You feel very buoyant.
You fly up into the air.
You are no longer corroded.
The endoplasm freezes you.
You are frozen.
You die...

#####.##..#####.#.#...##...# #..
....#...............####...# #..
....'..#...........## #...# #..
....#.##.).........#####...# #..
....#..<....<..............####..
#####.##############.>.....####..
......# *******###########.#.....
#...#.# #(....J##§##########(###.
###...# #PPP.P.#h#.#....####)###.
###.###J÷...J#J#.#.....##.)###.
#####..##P.÷P.P#J#'#......'.)###.
.......##÷J..JJ#§#........'..###.
#########.PPPPJ#J#........'..###.
#÷....÷#)#.....).##..###.
#.PPP..J##......###......
#......#############.....
#########################


You could see 2 endoplasms.

Levels and vault maps discovered:
D:1:      minmay_arrival_doors, layout_basic, minmay_3d_cube
D:2:      cheibrodos_fertilizer, layout_loops_ring, nrook_mini_vaults,
          kennysheep_generic_room_13, uniq_terence

Notes
Turn   | Place    | Note
-------+----------+-------------------------------------------
     0 | D:1      | puppykicker the Octopode Shapeshifter began the quest for
                  | the Orb.
     0 | D:1      | Reached XP level 1. HP: 13/13 MP: 1/1
   155 | D:1      | Reached XP level 2. HP: 6/18 MP: 2/2
   233 | D:1      | Identified a +0 short sword
   476 | D:1      | Reached XP level 3. HP: 23/23 MP: 3/3
   515 | D:1      | Identified a +0 short sword
   665 | D:1      | Identified a +0 sling
   732 | D:1      | Identified a +0 club
   849 | D:2      | Identified a +0 dagger
   903 | D:2      | Identified a +0 sling
   909 | D:2      | Identified a +0 short sword
  1118 | D:2      | Identified a +0 club
  1139 | D:2      | Identified 2 scrolls of identify
  1139 | D:2      | Identified a scroll of immolation
  1140 | D:2      | Identified a scroll of brand weapon
  1151 | D:2      | Reached XP level 4. HP: 21/29 MP: 4/4
  1219 | D:2      | Identified a +0 mace
  1219 | D:2      | Identified a +0 scale mail
  1219 | D:2      | Noticed Terence
  1228 | D:2      | Killed Terence
  1229 | D:2      | Reached skill level 2 in Fighting
  1229 | D:2      | Reached skill level 4 in Unarmed Combat
  1323 | D:2      | Identified a +0 leather armour
  1427 | D:2      | Identified a +0 club
  1500 | D:2      | Identified a +0 short sword
  1500 | D:2      | Identified a +0 dagger
  1500 | D:2      | Identified a +0 whip of flaming
  1500 | D:2      | Identified a +0 short sword
  1500 | D:2      | Identified a +0 short sword
  1500 | D:2      | Identified a +0 short sword
  1500 | D:2      | Identified a +0 dagger
  1500 | D:2      | Identified a +0 dagger
  1528 | D:2      | Identified 2 scrolls of revelation
  1528 | D:2      | Identified a +0 dagger
  1551 | D:2      | HP: 7/29 [endoplasm (3)]
  1553 | D:2      | Identified 2 potions of berserk rage
  1555 | D:2      | HP: 2/43 [acid (5)]
  1556 | D:2      | Reached XP level 5. HP: 2/34 MP: 5/5
  1561 | D:2      | Identified a scroll of fog
  1562 | D:2      | Identified a scroll of enchant weapon
  1562 | D:2      | HP: 2/34 [endoplasm (1)]
  1563 | D:2      | Identified a potion of enlightenment
  1563 | D:2      | Frozen to death by an endoplasm

Table legend: (Time is in decaauts)
 A = Elapsed time spent in this place.
 B = Non-inter-level travel time spent in this place.
 C = Inter-level travel time spent in this place.
 D = Time resting spent in this place.
 E = Time spent auto-exploring this place.
 F = Levels seen in this place.
 G = Mean time per level.
                   A        B        C        D        E       F      G
               +--------+--------+--------+--------+--------+-----+--------+
         Total |   1572 |   1556 |     16 |    322 |    929 |   2 |  786.0 |
       Dungeon |   1572 |   1556 |     16 |    322 |    929 |   2 |  786.0 |
               +--------+--------+--------+--------+--------+-----+--------+

Top non-repeatable levels by time:
     D:1: 833 daAuts
     D:2: 738 daAuts

Table legend:
 A = Kills in this place as a percentage of kills in the entire game.
 B = Kills by you in this place as a percentage of kills by you in the entire game.
 C = Kills by friends in this place as a percentage of kills by friends in the entire game.
 D = Other kills in this place as a percentage of other kills in the entire game.
 E = Experience gained in this place as a percentage of experience gained in the entire game.
 F = Experience gained in this place divided by the number of levels of this place that you have seen.
                   A       B       C       D       E      F
               +-------+-------+-------+-------+-------+----------------------
         Total | 100.0 | 100.0 |   N/A |   N/A | 100.0 |  98.0
       Dungeon | 100.0 | 100.0 |   N/A |   N/A | 100.0 |  98.0
               +-------+-------+-------+-------+-------+----------------------

Skill      XL: |  1  2  3  4 |
---------------+-------------+-----
Fighting       | 2 |  2.2
Unarmed Combat | 4 |  4.2
Dodging        | |  2.9
Shapeshifting  | |  3.5

Action                     |  1- 3 |  4- 6 || total
---------------------------+-------+-------++-------
  Melee: Unarmed           |    49 |    19 ||    68
         Constrict         |    12 |     6 ||    18
         Tentacles         |     8 |     4 ||    12
         Punch             |     1 |     2 ||     3
   Fire: Sling             |    34 |    18 ||    52
    Use: Scroll            |     2 |     4 ||     6
         Potion            |       |     2 ||     2
   Stab: Sleeping          |     5 |       ||     5
 Armour: Skin              |    40 |    17 ||    57
  Dodge: Dodged            |    45 |    23 ||    68

Vanquished Creatures
  A jelly (D:2)
  Terence (D:2)
  2 adders (D:2)
  7 ball pythons
  2 endoplasms (D:2)
  5 giant cockroaches
  2 goblins (D:2)
  5 hobgoblins
  4 jackals (D:1)
  2 quokkas (D:1)
  4 bats
  4 frilled lizards
  13 kobolds
  9 rats
61 creatures vanquished.
